 Dungeon Crawl Stone Soup version 0.17-a0-227-gf5308cc (webtiles) character file.

2 Pikaro the Ogre Mage (level 1, -1/19 HPs)
             Began as an Ogre Fire Elementalist on Mar 30, 2015.
             Slain by a jackal (2 damage)
             ... on level 1 of the Dungeon.
             The game lasted 00:00:34 (156 turns).

Pikaro the Ogre Mage (Ogre Fire Elementalist)        Turns: 156, Time: 00:00:35

Health: -1/19      AC:  3    Str: 12    XL:     1   Next: 40%
Magic:  0/3        EV: 10    Int: 14    God:
Gold:   8          SH:  0    Dex: 10    Spells: 1 memorised, 3 levels left

rFire  . . .     SeeInvis .     (no weapon)
rCold  . . .     Clarity  .     a - +0 robe
rNeg   . . .     SustAb   .     (no shield)
rPois  .         Gourm    .     (helmet restricted)
rElec  .         Spirit   .     (no cloak)
rCorr  .         Warding  .     (gloves unavailable)
rMut   .         Stasis   .     (boots unavailable)
MR     .....                    (no amulet)
Stlth  +.........               (no ring)
                                (no ring)

@: very slightly contaminated, not resistant to hostile enchantments, very
unstealthy
A: unfitting armour, tough skin 1
a: no special abilities


You were on level 1 of the Dungeon.
You were not hungry.

You visited 1 branch of the dungeon, and saw 1 of its levels.

You collected 8 gold pieces.

Inventory:

Armour
 a - a +0 robe (worn)
Scrolls
 d - a scroll of identify {unknown}
Books
 b - a book of Flames
Comestibles
 c - a meat ration


   Skills:
 + Level 1.1 Fighting
 - Level 1.7 Dodging
 - Level 1.5 Stealth
 - Level 2.4 Spellcasting
 - Level 0.6 Conjurations
 - Level 2.1 Fire Magic


You had 3 spell levels left.
You knew the following spells:

 Your Spells              Type           Power        Failure   Level  Hunger
A - Flame Tongue          Conj/Fire      #....        14%         1    #......


Dungeon Overview and Level Annotations

Branches:
Dungeon (1/15)

Altars:


Innate Abilities, Weirdness & Mutations

You are too large for most types of armour.
You have tough skin (AC +1).


Message History

Trunk games don't count for the tournament, you want 0.16.
Play trunk anyway? (Y/N) Welcome, Pikaro the Ogre Fire Elementalist.
The bosom of this dungeon contains the fabled artefact, the Orb of Zot.
You now have 8 gold pieces.
A giant newt comes into view.
You hit the giant newt but do no damage.
The giant newt barely misses you.
You barely miss the giant newt. The giant newt barely misses you.
You barely miss the giant newt. The giant newt bites you.
You take 2 damage, and have 14/16 hp.
You closely miss the giant newt. The giant newt bites you.
You take 1 damage, and have 13/16 hp.
You barely miss the giant newt. The giant newt closely misses you.
You hit the giant newt.
You kill the giant newt!
No target in view!
You start resting.
Health restored: 18; Total turns waited: 81
d - a scroll labeled LISEOPTELESE An ooze comes into view.
A jackal comes into view.
The ooze quivers.
You see here a meat ration.
You hit the ooze but do no damage. The ooze hits you.
You take 4 damage, and have 14/18 hp.
MASSIVE DAMAGE!!
You see here a meat ration.
Aim: an ooze The flame tongue hits the ooze.
You now have 2/3 mp.
Aim: an ooze (lightly wounded)
The flame tongue hits the ooze.
The ooze barely misses you.
You now have 1/3 mp.
Aim: an ooze (lightly wounded)
You miscast Flame Tongue.
You are very lightly contaminated with residual magic.
Nothing appears to happen.
The ooze closely misses you.
You now have 0/3 mp.
You hit the ooze. The ooze barely misses you.
You hit the ooze but do no damage. The ooze hits you but does no damage.
You barely miss the ooze. You hit the ooze but do no damage. The ooze hits you.
You take 3 damage, and have 11/18 hp.
You barely miss the ooze. The ooze closely misses you.
You barely miss the ooze. The ooze completely misses you.
You hit the ooze but do no damage. The ooze hits you but does no damage.
You hit the ooze but do no damage. You hit the ooze but do no damage.
The ooze hits you.
You take 2 damage, and have 9/18 hp.
You hit the ooze but do no damage. The ooze barely misses you.
You hit the ooze but do no damage. The ooze hits you.
You take 1 damage, and have 8/18 hp.
HP below 50%!
Aim: an ooze (moderately wounded)
The flame tongue hits the ooze.
The ooze hits you but does no damage.
A jackal comes into view.
You now have 0/3 mp.
The jackal barks!
You hit the ooze but do no damage. You hit the ooze. The ooze hits you.
You take 2 damage, and have 6/18 hp.
You hit the ooze. The ooze barely misses you.
You hit the ooze. The ooze hits you.
* * * LOW HITPOINT WARNING * * *
You take 3 damage, and have 3/18 hp.
HP below 25%!
Your magical contamination has completely faded away.
You hit the ooze. The ooze barely misses you.
Aim: an ooze (almost dead)
You miscast Flame Tongue.
You are very lightly contaminated with residual magic.
Nothing appears to happen.
You now have 0/3 mp.
You hit the ooze.
You kill the ooze!
Your Fighting skill increases to level 1!
You barely miss the jackal. The jackal closely misses you.
You hit the jackal but do no damage.
The jackal bites you but does no damage.
The jackal bites you.
* * * LOW HITPOINT WARNING * * *
You take 2 damage, and have 1/19 hp.
You hit the jackal. The jackal bites you.
You die...

#######$.#
........%#
########.#
#......#.#
#.####.#.#
#.#.<#.#.#
#....#.#h#
#.######.#h#
#........#@# #
..######...#
.....######...#
#............#
...########...#
###.# ..# ..#
..#


You could see 2 jackals.

Vanquished Creatures
  An ooze (D:1)
  A giant newt (D:1)
2 creatures vanquished.

Notes
Turn   | Place    | Note
--------------------------------------------------------------
     0 | D:1      | Pikaro, the Ogre Fire Elementalist, began the quest for the Orb.
     0 | D:1      | Reached XP level 1. HP: 16/16 MP: 3/3
   144 | D:1      | HP: 3/18 [ooze (3)]
   153 | D:1      | Reached skill level 1 in Fighting
   155 | D:1      | HP: 1/19 [jackal (3)]
   156 | D:1      | Slain by a jackal

Action                   || total
-------------------------++-------
Melee: Unarmed           ||    27
 Cast: Flame Tongue      ||     3

Vault maps used:
D:1:      zelgadis_glass_arrival_small

Table legend:
 A = Turns spent in this place as a percentage of turns spent in the entire game.
 B = Non-inter-level travel turns spent in this place as a percentage of non-inter-level travel turns spent in the entire game.
 C = Inter-level travel turns spent in this place as a percentage of turns spent in this place.
 D = Turns resting spent in this place as a percentage of non-inter-level travel turns spent in this place.
 E = Turns spent auto-exploring this place as a percentage of non-inter-level travel turns spent in this place.
 F = Non-inter-level travel turns spent in this place divided by the number of levels of this place that you've seen.
                   A       B       C       D       E      F
               +-------+-------+-------+-------+-------+----------------------
         Total | 100.0 | 100.0 |   0.0 |   3.6 |   5.5 |  55.0
       Dungeon | 100.0 | 100.0 |   0.0 |   3.6 |   5.5 |  55.0
               +-------+-------+-------+-------+-------+----------------------

Table legend:
 A = Kills in this place as a percentage of kills in entire the game.
 B = Kills by you in this place as a percentage of kills by you in the entire game.
 C = Kills by friends in this place as a percentage of kills by friends in the entire game.
 D = Other kills in this place as a percentage of other kills in the entire game.
 E = Experience gained in this place as a percentage of experience gained in the entire game.
 F = Experience gained in this place divided by the number of levels of this place that you have seen.
                   A       B       C       D       E      F
               +-------+-------+-------+-------+-------+----------------------
         Total | 100.0 | 100.0 |  -nan |  -nan | 100.0 |   4.0
       Dungeon | 100.0 | 100.0 |  -nan |  -nan | 100.0 |   4.0
               +-------+-------+-------+-------+-------+----------------------
